 Dungeon Crawl Stone Soup version 0.24.0-10-g970556be89 (console) character file.

Game seed: 1049971773912313331, levelgen mode: deterministic

817 AlterAsc the Changer (level 7, -4/52 HPs)
             Began as a Yellow Draconian Transmuter on Nov 3, 2019.
             Slain by Pikel
             ... wielding a +0 whip of electrocution
              (16 damage)
             ... on level 4 of the Dungeon.
             The game lasted 00:13:05 (5627 turns).

AlterAsc the Changer (Yellow Draconian Transmuter)  Turns: 5627, Time: 00:13:06

Health: -4/52      AC:  7    Str: 14    XL:     7   Next: 62%
Magic:  4/15       EV: 12    Int: 14    God:
Gold:   338        SH:  3    Dex: 11    Spells: 14/17 levels left

rFire    . . .     SeeInvis .     - Unarmed
rCold    . . .     Gourm    .   (no shield)
rNeg     . . .     Faith    .   (armour unavailable)
rPois    .         Spirit   .   (helmet restricted)
rElec    .         Reflect  +   (no cloak)
rCorr    +         Harm     .   r - +0 pair of gloves
MR       .....                  (no boots)
Stlth    +.........             o - +3 amulet of reflection
HPRegen  0.17/turn              (no ring)
MPRegen  0.14/turn              (no ring)

@: appendage (expiring)
A: spit acid, unfitting armour, horns 2, cold-blooded, acid resistance, AC +6
a: Breathe Acid, End Transformation


You were on level 4 of the Dungeon.
You were not hungry.
You had grown temporary horns.
You visited 1 branch of the dungeon, and saw 5 of its levels.

You collected 338 gold pieces.

Inventory:

Missiles
 a - 87 arrows
 j - a throwing net (quivered)
Armour
 q - a +0 troll leather armour {Purgy}
 r - a +0 pair of gloves (worn)
Jewellery
 g - an uncursed amulet of magic regeneration
 k - an uncursed ring of teleportation
 o - a +3 amulet of reflection (around neck)
Scrolls
 b - 3 scrolls of identify
 f - a scroll of blinking {unknown}
 m - 5 scrolls of remove curse
 n - a scroll of teleportation
 p - a scroll of immolation
 t - a scroll of amnesia {unknown}
Potions
 e - 3 potions of haste
 h - 2 potions of resistance
 i - a potion of flight {unknown}
 l - a potion of cancellation
 s - a potion of agility {unknown}
Comestibles
 c - 8 rations
 d - 3 chunks of flesh


   Skills:
 - Level 1.1 Fighting
 - Level 2.0 Dodging
 - Level 3.0 Unarmed Combat
 + Level 5.8 Spellcasting
 + Level 6.3 Transmutations


You had 14 spell levels left.
You knew the following spells:

 Your Spells              Type           Power        Failure   Level  Hunger
a - Beastly Appendage     Tmut           ###...       1%          1    None
b - Sticks to Snakes      Tmut           ###.....     1%          2    #......

Your spell library contained the following spells:

 Spells                   Type           Power        Failure   Level  Hunger
 Spider Form              Tmut/Pois      ##........   13%         3    ###....
 Confusing Touch          Hex            #.....       16%         1    None
 Blade Hands              Tmut           ###.......   32%         5    ######.
 Ice Form                 Ice/Tmut       ##......     41%         4    ####...
 Petrify                  Tmut/Erth      ##......     41%         4    ####...
 Confuse                  Hex            #.......     43%         3    ###....
 Gell's Gravitas          Tloc           #.........   43%         3    ###....
 Yara's Violent Unravell  Hex/Tmut       ##........   77%         5    ######.
 Metabolic Englaciation   Hex/Ice        #.........   99%         5    ######.


Dungeon Overview and Level Annotations

Branches:
Dungeon (5/15)
 Temple: D:4-7

Altars:
Ru

Annotations:
D:4 Pikel


Innate Abilities, Weirdness & Mutations

You can spit globs of acid.
Your golden yellow scales are hard. (AC +6)
You cannot fit into any form of body armour.
You are cold-blooded and may be slowed by cold attacks.
You are resistant to acid. (rCorr)
You have a pair of horns on your head.


Message History

r - Retreat! s - Stop attacking. g - Guard the area. f - Follow me.
Anything else - Cancel.
Gang up on whom?
Press: ? - help, Dir - move target cursor, f/p - Pikel
Aim: Pikel, wielding a +0 whip of electrocution and wearing a +0 robe (heavily wounded, constricted by your ball python) Attack!
Pikel struggles to escape constriction.
Your ball python bites Pikel but does no damage.
Your ball python constricts Pikel.
Pikel barely misses your ball python.
Your ball python barely misses Pikel.
Your ball python constricts Pikel.
You hit Pikel but do no damage. You headbutt Pikel.
You tail-slap Pikel, but do no damage.
Pikel is severely wounded.
Your ball python bites Pikel but does no damage.
Your ball python constricts Pikel.
Pikel hits you with a +0 whip of electrocution!
* * * LOW HITPOINT WARNING * * *
You are electrocuted!
You die...

#..# #.# ##.# #.#
#.# #.# #.####.# #
#.#....## #
##.#.#..>### ###
#......#..S#
..#####..#.#...#K#
.........#.##.##@#
..#####.##.##.##.#
### #.##....##.# #
#.#.....##.# #
#.#.##.###.#
###....#.# #.#
#........# #.#
#...#.##.###.#
#............#


You could see Pikel and a friendly ball python.

Vanquished Creatures
  A scorpion (D:4)
  A howler monkey (D:4)
  A hound (D:4)
  An orc priest (D:4)
  Jessica (D:2)
  2 iguanas (D:4)
  4 orc wizards (D:4)
  3 worker ants (D:4)
  3 adders
  5 gnolls
  An ooze (D:3)
  2 worms
  An adder skeleton (D:4)
  A dart slug (D:2)
  5 orcs
  7 bats
  3 giant cockroaches
  9 goblins
  10 hobgoblins
  9 jackals
  5 quokkas
  9 frilled lizards
  A jackal skeleton (D:4)
  13 kobolds
  2 rats (D:3)
100 creatures vanquished.

Vanquished Creatures (collateral kills)
  Grinder (D:3)
  A slave (D:4)
  Purgy (D:3)
  An orc wizard (D:4)
  A worker ant (D:4)
  2 gnolls (D:3)
  A jackal (D:4)
8 creatures vanquished.

Grand Total: 108 creatures vanquished

Notes
Turn   | Place    | Note
-------+----------+-------------------------------------------
     0 | D:1      | AlterAsc the Draconian Transmuter began the quest for the
                  | Orb.
     0 | D:1      | Reached XP level 1. HP: 16/16 MP: 3/3
   345 | D:1      | Reached XP level 2. HP: 20/23 MP: 5/5
   727 | D:2      | Reached XP level 3. HP: 26/28 MP: 6/6
   939 | D:2      | Noticed Jessica
  1220 | D:2      | Reached skill level 3 in Transmutations
  1538 | D:2      | Reached XP level 4. HP: 22/35 MP: 8/8
  1631 | D:2      | Learned a level 2 spell: Sticks to Snakes
  2092 | D:2      | Killed Jessica
  2650 | D:3      | Reached XP level 5. HP: 38/40 MP: 8/10
  2678 | D:3      | Noticed Purgy
  2696 | D:3      | Killed Purgy
  2696 | D:3      | Reached skill level 4 in Transmutations
  3232 | D:3      | Noticed Grinder
  3270 | D:3      | Killed Grinder
  3270 | D:3      | Reached skill level 5 in Transmutations
  3270 | D:3      | Reached XP level 6. HP: 36/47 MP: 4/13
  4006 | D:3      | Found a sacrificial altar of Ru.
  4217 | D:4      | Reached skill level 5 in Spellcasting
  4518 | D:4      | Your scales start taking on a golden yellow colour.
  4518 | D:4      | Reached XP level 7. HP: 38/52 MP: 11/14
  4518 | D:4      | Gained mutation: You are resistant to acid. (rCorr) [Yellow
                  | Draconian growth]
  4913 | D:4      | Reached skill level 6 in Transmutations
  5590 | D:5      | Entered Level 5 of the Dungeon
  5590 | D:5      | Noticed Pikel
  5627 | D:4      | Slain by Pikel

Levels and vault maps discovered:
D:1:      dpeg_arrival_short_road, layout_rooms
D:2:      layout_basic, first_ration, uniq_jessica
D:3:      layout_basic, nicolae_ru_the_path_less_chosen, uniq_purgy,
          uniq_grinder
D:4:      layout_loops_ring, minmay_a_box_with_orc_wizards_in_it
D:5:      layout_loops_ring, minmay_temple_entry_tees, bloody_trog, uniq_pikel

Skill      XL: |  1  2  3  4  5  6  7 |
---------------+----------------------+-----
Dodging        | 2 |  2.0
Transmutations | 3 5 6 |  6.3
Spellcasting   | 3 4 5 |  5.8
Fighting       | |  1.1
Unarmed Combat | |  3.0

Action                   |  1- 3 |  4- 6 |  7- 9 || total
-------------------------+-------+-------+-------++-------
Melee: Unarmed           |   111 |   259 |   124 ||   494
       Kick              |    10 |    16 |     5 ||    31
       Tailslap          |    11 |    23 |    12 ||    46
       Headbutt          |     3 |    14 |     9 ||    26
       Punch             |     1 |     5 |     3 ||     9
 Cast: Beastly Appendage |    21 |    37 |     9 ||    67
       Sticks to Snakes  |       |     9 |    13 ||    22
 Abil: Breathe Acid      |       |       |     1 ||     1
  Use: Scroll            |     2 |     3 |       ||     5
       Potion            |     1 |       |     2 ||     3
 Stab: Sleeping          |       |     1 |       ||     1
       Distracted        |       |       |     2 ||     2
  Eat: Ration            |     1 |     1 |       ||     2
       Chunk             |       |     7 |     3 ||    10
Armor: Skin              |    43 |    82 |    37 ||   162
Dodge: Dodged            |   109 |   188 |    52 ||   349
Block: Other             |       |    20 |    16 ||    36
